General information
- name: BNet
- type: Ladder team game (AT/RT)
- host: Battle.net
- saver: dwightshrute.
map: TwistedMeadows
- players: 4
- length: 16:05
- speed: Fast
- version: 1.23 W3XP
- replay type: Public
» download(101 KB)
Players
team 1 (winner)
dwightshrute. (
green | 139 APM | 2229 actions | 16:05)
6 Death Knight
3 Death Coil
2 Unholy Aura
1 Animate Dead
3 Lich
2 Frost Nova
1 Frost Armor
1 Crypt Lord
1 Impale
» actions
| Assign group hotkey | 81 | |
| Build / train | 52 | |
| Enter build submenu | 18 | |
| Enter hero's abilities submenu | 10 | |
| Give item / drop item | 1 | |
| Right click | 1365 | |
| Select / deselect | 284 | |
| Select group hotkey | 360 | |
| Use ability | 58 | |
2229 total
» units
| Acolyte | 2 | |
| Ghoul | 1 | |
| Crypt Fiend | 19 | |
| Obsidian Statue | 2 | |
24 total
» upgrades
| Creature Attack | 3 | |
| Creature Carapace | 2 | |
| Burrow | 1 | |
| Web | 1 | |
| Destroyer Form | 1 | |
8 total
» buildings
| Graveyard | 1 | |
| Crypt | 1 | |
| Altar of Darkness | 1 | |
| Ziggurat | 6 | |
| Tomb of Relics | 1 | |
| Halls of the Dead | 1 | |
| Black Citadel | 1 | |
| Slaughterhouse | 1 | |
13 total
» build order
00:12 Graveyard
00:21 Crypt
00:58 Altar of Darkness
01:00 Ziggurat
01:03 Tomb of Relics
01:50 Ziggurat
03:46 Ziggurat
05:54 Halls of the Dead
05:59 Ziggurat
11:12 Black Citadel
11:27 Ziggurat
11:39 Slaughterhouse
14:22 Ziggurat
» items
| Rod of Necromancy | 1 | |
| Dust of Appearance | 1 | |
| Potion of Healing | 1 | |
| Orb of Corruption | 1 | |
4 total
god-of.war (
blue | 62 APM | 994 actions | 16:05)
5 Priestess of the Moon
2 Searing Arrows
3 Trueshot Aura
» actions
| Basic commands | 9 | |
| Build / train | 51 | |
| Enter build submenu | 12 | |
| Enter hero's abilities submenu | 5 | |
| Remove unit from queue | 1 | |
| Right click | 540 | |
| Select / deselect | 343 | |
| Use ability | 33 | |
994 total
» units
» upgrades
| Strength of the Moon | 1 | |
| Moon Armor | 1 | |
2 total
» buildings
| Altar of Elders | 1 | |
| Moon Well | 5 | |
| Hunter's Hall | 1 | |
| Ancient of War | 3 | |
| Tree of Life | 1 | |
11 total
» build order
00:05 Altar of Elders
00:09 Moon Well
01:34 Hunter's Hall
01:41 Ancient of War
02:09 Ancient of War
02:26 Moon Well
03:29 Moon Well
03:49 Moon Well
11:02 Ancient of War
12:12 Moon Well
14:27 Tree of Life
team 2 (loser)
eX]Rafinha (
orange | 90 APM | 1436 actions | 16:02)
4 Priestess of the Moon
2 Searing Arrows
2 Trueshot Aura
» actions
| Assign group hotkey | 118 | |
| Build / train | 40 | |
| ESC pressed | 6 | |
| Enter build submenu | 15 | |
| Enter hero's abilities submenu | 4 | |
| Right click | 813 | |
| Select / deselect | 208 | |
| Select group hotkey | 200 | |
| Use ability | 32 | |
1436 total
» units
» buildings
| Altar of Elders | 1 | |
| Moon Well | 3 | |
| Hunter's Hall | 1 | |
| Ancient of War | 2 | |
| Ancient Protector | 6 | |
13 total
» build order
00:08 Altar of Elders
00:19 Moon Well
01:51 Hunter's Hall
01:55 Ancient of War
02:06 Moon Well
02:23 Ancient of War
03:07 Moon Well
04:41 Ancient Protector
04:42 Ancient Protector
04:53 Ancient Protector
04:58 Ancient Protector
08:16 Ancient Protector
08:35 Ancient Protector
zA.AbazA (
purple | 188 APM | 3020 actions | 16:04)
3 Crypt Lord
2 Carrion Beetles
1 Spiked Carapace
» actions
| Assign group hotkey | 72 | |
| Basic commands | 234 | |
| Build / train | 94 | |
| ESC pressed | 4 | |
| Enter build submenu | 17 | |
| Enter hero's abilities submenu | 3 | |
| Give item / drop item | 1 | |
| Right click | 1087 | |
| Select / deselect | 329 | |
| Select group hotkey | 1112 | |
| Use ability | 67 | |
3020 total
» units
| Acolyte | 7 | |
| Ghoul | 4 | |
| Crypt Fiend | 32 | |
43 total
» buildings
| Graveyard | 1 | |
| Crypt | 1 | |
| Altar of Darkness | 1 | |
| Ziggurat | 12 | |
| Tomb of Relics | 1 | |
| Spirit Tower | 26 | |
| Nerubian Tower | 9 | |
| Halls of the Dead | 2 | |
| Black Citadel | 1 | |
54 total
» build order
00:07 Graveyard
00:08 Crypt
00:29 Altar of Darkness
00:40 Ziggurat
00:57 Tomb of Relics
01:44 Ziggurat
02:54 Ziggurat
04:50 Ziggurat
04:51 Ziggurat
05:17 Ziggurat
05:43 Spirit Tower
05:43 Spirit Tower
05:51 Nerubian Tower
05:52 Nerubian Tower
06:29 Spirit Tower
06:30 Spirit Tower
06:30 Spirit Tower
07:25 Ziggurat
07:37 Ziggurat
08:00 Ziggurat
08:30 Spirit Tower
08:30 Spirit Tower
08:31 Nerubian Tower
08:31 Nerubian Tower
08:40 Nerubian Tower
08:40 Nerubian Tower
08:40 Nerubian Tower
09:22 Ziggurat
10:21 Spirit Tower
10:38 Spirit Tower
10:38 Spirit Tower
10:38 Spirit Tower
11:22 Halls of the Dead
11:23 Halls of the Dead
11:41 Ziggurat
14:54 Black Citadel
15:00 Spirit Tower
15:00 Spirit Tower
15:00 Spirit Tower
15:01 Spirit Tower
15:01 Ziggurat
15:35 Spirit Tower
15:36 Spirit Tower
15:36 Spirit Tower
15:36 Spirit Tower
15:46 Spirit Tower
» items
| Rod of Necromancy | 2 | |
| Sacrificial Skull | 1 | |
3 total
Chat log
(00:32 / Allies) dwightshrute.: they gonna tower rush probly again
(00:38 / Allies) god-of.war: tr?
(00:44 / Allies) god-of.war: oh
(00:51 / Allies) god-of.war: wit cl u mean
(01:07 / Allies) dwightshrute.: yea
(01:08 / Allies) dwightshrute.: he always cl
(03:06 / Allies) dwightshrute.: go own those beetles
(03:26 / Allies) dwightshrute.: skull
(03:27 / Allies) dwightshrute.: and no tp
(03:29 / Allies) dwightshrute.: def tower rush
(04:28 / Allies) dwightshrute.: on me maybe?
(04:56 / Allies) dwightshrute.: cl
(07:53 / All) dwightshrute.: sigh
(11:31 / Allies) dwightshrute.: wood if u got
(11:32 / Allies) dwightshrute.: nice
(13:06 / All) dwightshrute.: gg
(13:15 / All) zA.AbazA: fucking blocked my hero
(13:18 / All) god-of.war: lol
(13:19 / All) dwightshrute.: sigh
(13:27 / All) dwightshrute.: its a game
(13:29 / All) dwightshrute.: why u gotta blame
(13:34 / All) zA.AbazA: then leave if u dont give a shitt
(13:51 / All) dwightshrute.: k ill leave
(14:25 / All) zA.AbazA: ok?
(14:34 / All) zA.AbazA: prove to me this is not just a game
(14:40 / All) god-of.war: lol
(14:42 / All) zA.AbazA: or just dont fucking mention it at all
(14:42 / All) dwightshrute.: me leaving doesnt prove that
(14:43 / All) god-of.war: nice one
(14:43 / All) dwightshrute.: just
(14:45 / All) zA.AbazA: thought so
(14:45 / All) dwightshrute.: u not blaming ally
(14:47 / All) dwightshrute.: when i say gg
(14:51 / All) zA.AbazA: you fucking idiot
(15:00 / All) dwightshrute.: manners
(15:03 / All) god-of.war: leave nerd
(15:05 / All) zA.AbazA: shut up faggot
(15:15 / All) zA.AbazA: at least in solo you both would crumble vs me
(15:18 / All) dwightshrute.: cool
(15:20 / All) dwightshrute.: is this solo
(15:22 / All) dwightshrute.: i forget
(15:26 / All) god-of.war: go play solo then
(15:30 / All) zA.AbazA: I forget, is this a bunch of RT newbs?
(15:32 / All) zA.AbazA: suck my dick faggots
(15:33 / All) dwightshrute.: yes
(15:39 / All) dwightshrute.: speech impediment ftw